AoeStats
← Maxcol_I

Arena

510437455Analyzed
1v1 RM · 1d ago on Oct 1, 2026· 28m 28s· 2 players
Game mode
Random Map
Map size
Tiny (2 player)
Population
200
Speed
Normal
Resources
Standard
Victory
Conquest
Starting age
Dark Age
Ending age
Imperial Age
RankedLock teamsTeams togetherTeam positionsShared explorationLock speedFull tech treeHidden civsTurbo modeCheats
Victory
Defeat
🇺🇸 Koreans · United States
640
+17
🇺🇸 Italians · United States
659
-17
Maxcol_I
9:35 Feudal Age
15:55 Castle Age
14:56 Double-Bit Axe
15:46 Horse Collar
16:33 Loom
18:17 Town Watch
22:02 Bow Saw
23:31 Wheelbarrow
25:09 Hand Cart
25:03 Gold Mining
25:06 Stone Mining
25:29 Fletching
lilith
7:58 Loom
10:45 Feudal Age
11:53 Arson
12:07 Town Watch
15:06 Gold Mining
18:12 Bloodlines
22:35 Castle Age
20:53 Double-Bit Axe
21:30 Bloodlines
21:36 Horse Collar
22:08 Fletching
22:57 Light Cavalry
23:38 Husbandry
25:10 Thumb Ring
25:33 Bow Saw
27:59 Bodkin Arrow
Connection lost

Rejoining the realm…

Still unreachable

The connection could not be restored.

Session expired

The server has moved on; the page needs a fresh start.